PIO (24 & UNDER)
SURREY SINNERS @ CHULA VISTA TACOS
08/29/2027
 
TOP OF THE 1ST
Surrey Sinners batting - Pitching for Chula Vista Tacos : RHP Andrés Franco
Pitching: RHP Andrés Franco
Batting: RHB Marcos Liñares 0-0: SINGLE (Line Drive, 3D)
Batting: LHB Jorge Martínez 0-0: Ball
1-0: Bunted foul
1-1: Bunted foul
1-2: SINGLE (Groundball, 34S) (infield hit)
Marcos Liñares to second
Batting: LHB Randy Wiggins 0-0: Ball
1-0: Ball
2-0: Ground out 6-3 (Groundball, 6MD)
Marcos Liñares to third
Jorge Martínez to second
Batting: LHB Juan Hinojosa 0-0: Ball
1-0: Ball
2-0: Ball
3-0: Base on Balls
Batting: LHB Iván Espinosa 0-0: Ball
1-0: Ball
2-0: Called Strike
2-1: Ball
3-1: Called Strike
3-2: SINGLE (Line Drive, 6D)
Marcos Liñares scores
Jorge Martínez to third
Juan Hinojosa to second
Batting: RHB Jason Nava 0-0: Foul Ball, location: 2F
0-1: Swinging Strike
0-2: Strikes out swinging
Batting: RHB Clarence Harrison 0-0: Called Strike
0-1: Ball
1-1: Foul Ball, location: 2F
1-2: Ball
2-2: Strikes out looking
Top of the 1st over - 1 run(s), 3 hit(s), 0 error(s), 3 left on base; Surrey 1 - Chula Vista 0
BOTTOM OF THE 1ST
Chula Vista Tacos batting - Pitching for Surrey Sinners : LHP Scott Davis
Pitching: LHP Scott Davis
Batting: RHB Matt O'Rourke 0-0: Ball
1-0: Foul Ball, location: 2F
1-1: Called Strike
1-2: Strikes out looking
Batting: RHB Ray Rogers 0-0: Swinging Strike
0-1: Foul Ball, location: 2F
0-2: Ball
1-2: Foul Ball, location: 2F
1-2: Ball
2-2: Fly out, F7 (Flyball, 7)
Batting: LHB John White 0-0: Ball
1-0: Ground out 6-3 (Groundball, 6M)
Bottom of the 1st over - 0 run(s), 0 hit(s), 0 error(s), 0 left on base; Surrey 1 - Chula Vista 0
TOP OF THE 2ND
Surrey Sinners batting - Pitching for Chula Vista Tacos : RHP Andrés Franco
Batting: SHB Juan Carlos Mesa 0-0: Ground out 4-3 (Groundball, 4)
Batting: RHB Mauro Paredes 0-0: Called Strike
0-1: Foul Ball, location: 2F
0-2: Ball
1-2: Foul Ball, location: 2F
1-2: Strikes out looking
Batting: RHB Marcos Liñares 0-0: SINGLE (Groundball, 6MD)
Batting: LHB Jorge Martínez 0-0: Ball
Marcos Liñares is caught stealing 2nd base
Top of the 2nd over - 0 run(s), 1 hit(s), 0 error(s), 0 left on base; Surrey 1 - Chula Vista 0
BOTTOM OF THE 2ND
Chula Vista Tacos batting - Pitching for Surrey Sinners : LHP Scott Davis
Batting: RHB Javier González 0-0: Ball
1-0: Called Strike
1-1: Called Strike
1-2: Ball
2-2: Ball
3-2: Foul Ball, location: 2F
3-2: Foul Ball, location: 2F
3-2: SINGLE (Line Drive, 8LS)
Batting: LHB Steven Smith 0-0: Ball
Javier González steals 2nd base
1-0: Ball
2-0: Foul Ball, location: 2F
2-1: Foul Ball, location: 2F
2-2: Ball
3-2: Base on Balls
Batting: LHB Nick Hill 0-0: Called Strike
0-1: Ball
1-1: Ball
2-1: Fly out, F8 (Line Drive, 8RM)
Batting: RHB Preston Wooten 0-0: Called Strike
0-1: Ball
1-1: Ball
2-1: Foul Ball, location: 2F
2-2: Ball
3-2: Strikes out swinging
Batting: LHB Gonzalo Benítez 0-0: Hit by Pitch
Javier González to third
Steven Smith to second
Batting: LHB Pedro Camacho 0-0: Called Strike
0-1: Swinging Strike
0-2: Ball
1-2: Foul Ball, location: 2F
1-2: Fly out, F9 (Flyball, 89M)
Bottom of the 2nd over - 0 run(s), 1 hit(s), 0 error(s), 3 left on base; Surrey 1 - Chula Vista 0
TOP OF THE 3RD
Surrey Sinners batting - Pitching for Chula Vista Tacos : RHP Andrés Franco
Batting: LHB Jorge Martínez 0-0: Ball
1-0: Called Strike
1-1: Ball
2-1: Foul Ball, location: 2F
2-2: Fly out, F8 (Flyball, 8RM)
Batting: LHB Randy Wiggins 0-0: Ball
1-0: Swinging Strike
1-1: Called Strike
1-2: Strikes out swinging
Batting: LHB Juan Hinojosa 0-0: Foul Ball, location: 2F
0-1: Ball
1-1: Ball
2-1: Ground out U3 (Groundball, 34)
Top of the 3rd over - 0 run(s), 0 hit(s), 0 error(s), 0 left on base; Surrey 1 - Chula Vista 0
BOTTOM OF THE 3RD
Chula Vista Tacos batting - Pitching for Surrey Sinners : LHP Scott Davis
Batting: RHB Matt O'Rourke 0-0: Ball
1-0: Ball
2-0: Ground out 5-3 (Groundball, 56S)
Batting: RHB Ray Rogers 0-0: Fly out, F2 (Popup, 23)
Batting: LHB John White 0-0: Ball
1-0: Swinging Strike
1-1: Swinging Strike
1-2: Fly out, F8 (Flyball, 89D)
Bottom of the 3rd over - 0 run(s), 0 hit(s), 0 error(s), 0 left on base; Surrey 1 - Chula Vista 0
TOP OF THE 4TH
Surrey Sinners batting - Pitching for Chula Vista Tacos : RHP Andrés Franco
Batting: LHB Iván Espinosa 0-0: Ball
1-0: Called Strike
1-1: Fly out, F7 (Flyball, 7)
Batting: RHB Jason Nava 0-0: Ball
1-0: Ball
2-0: Ball
3-0: Base on Balls
Batting: RHB Clarence Harrison 0-0: Foul Ball, location: 2F
0-1: Fly out, F6 (Line Drive, 6)
Batting: SHB Juan Carlos Mesa 0-0: Foul Ball, location: 2F
0-1: Ball
1-1: Ball
2-1: SINGLE (Line Drive, 89M)
Jason Nava to second
Batting: RHB Mauro Paredes 0-0: Swinging Strike
0-1: Called Strike
0-2: Strikes out swinging
Top of the 4th over - 0 run(s), 1 hit(s), 0 error(s), 2 left on base; Surrey 1 - Chula Vista 0
BOTTOM OF THE 4TH
Chula Vista Tacos batting - Pitching for Surrey Sinners : LHP Scott Davis
Batting: RHB Javier González 0-0: Ball
1-0: Fly out, F4 (Line Drive, 4)
Batting: LHB Steven Smith 0-0: Called Strike
0-1: Ball
1-1: Foul Ball, location: 2F
1-2: Foul Ball, location: 2F
1-2: Foul Ball, location: 2F
1-2: Ball
2-2: SINGLE (Groundball, 4MD)
Batting: LHB Nick Hill 0-0: Called Strike
0-1: Called Strike
0-2: Ball
1-2: Foul Ball, location: 2F
1-2: Ball
2-2: Foul Ball, location: 2F
2-2: SINGLE (Line Drive, 6D)
Steven Smith to second
Batting: RHB Preston Wooten 0-0: Ball
1-0: Ball
2-0: Ball
3-0: Base on Balls
Steven Smith to third
Nick Hill to second
Batting: LHB Gonzalo Benítez 0-0: Ball
1-0: Fly out, F7 (Flyball, 7LS)
Batting: LHB Pedro Camacho 0-0: Ball
1-0: Ball
2-0: Fielders Choice at 2nd, 4-6 (Groundball, 4)
Bottom of the 4th over - 0 run(s), 2 hit(s), 0 error(s), 2 left on base; Surrey 1 - Chula Vista 0
TOP OF THE 5TH
Surrey Sinners batting - Pitching for Chula Vista Tacos : RHP Andrés Franco
Batting: RHB Marcos Liñares 0-0: Called Strike
0-1: Ball
1-1: Called Strike
1-2: Ball
2-2: Foul Ball, location: 2F
2-2: Ball
3-2: Strikes out swinging
Batting: LHB Jorge Martínez 0-0: Ball
1-0: Fly out, F7 (Flyball, 78M)
Batting: LHB Randy Wiggins 0-0: Called Strike
0-1: Fly out, F8 (Flyball, 8RS)
Top of the 5th over - 0 run(s), 0 hit(s), 0 error(s), 0 left on base; Surrey 1 - Chula Vista 0
BOTTOM OF THE 5TH
Chula Vista Tacos batting - Pitching for Surrey Sinners : LHP Scott Davis
Batting: RHB Matt O'Rourke 0-0: Ball
1-0: Fly out, F8 (Flyball, 8LM)
Batting: RHB Ray Rogers 0-0: Called Strike
0-1: Called Strike
0-2: Ball
1-2: Ball
2-2: Ball
3-2: Strikes out swinging
Batting: LHB John White 0-0: DOUBLE (Line Drive, 78D)
Batting: RHB Javier González 0-0: Ball
1-0: Swinging Strike
1-1: Ball
2-1: Called Strike
2-2: Ball
3-2: Strikes out swinging
Bottom of the 5th over - 0 run(s), 1 hit(s), 0 error(s), 1 left on base; Surrey 1 - Chula Vista 0
TOP OF THE 6TH
Surrey Sinners batting - Pitching for Chula Vista Tacos : RHP Andrés Franco
Batting: LHB Juan Hinojosa 0-0: Fly out, F8 (Flyball, 8LD)
Batting: LHB Iván Espinosa 0-0: Ground out 6-3 (Groundball, 6)
Batting: RHB Jason Nava 0-0: Swinging Strike
0-1: Ball
1-1: Swinging Strike
1-2: Foul Ball, location: 2F
1-2: Strikes out swinging
Top of the 6th over - 0 run(s), 0 hit(s), 0 error(s), 0 left on base; Surrey 1 - Chula Vista 0
BOTTOM OF THE 6TH
Chula Vista Tacos batting - Pitching for Surrey Sinners : LHP Scott Davis
Pitching: LHP Clarence Gill
Batting: LHB Steven Smith 0-0: Fly out, F8 (Flyball, 89M)
Batting: LHB Nick Hill 0-0: Ball
1-0: Foul Ball, location: 2F
1-1: Called Strike
1-2: Ball
2-2: Strikes out swinging
Batting: RHB Preston Wooten 0-0: Called Strike
0-1: Ball
1-1: Foul Ball, location: 2F
1-2: Ball
2-2: Ball
3-2: Base on Balls
Batting: LHB Gonzalo Benítez 0-0: Ball
1-0: Called Strike
Pickoff Throw to First - Out!
Bottom of the 6th over - 0 run(s), 0 hit(s), 0 error(s), 0 left on base; Surrey 1 - Chula Vista 0
TOP OF THE 7TH
Surrey Sinners batting - Pitching for Chula Vista Tacos : RHP Andrés Franco
Batting: RHB Clarence Harrison 0-0: Ball
1-0: Swinging Strike
1-1: Called Strike
1-2: Foul Ball, location: 2F
1-2: Foul Ball, location: 2F
1-2: Strikes out looking
Pitching: LHP Brian Hodges
Batting: SHB Juan Carlos Mesa 0-0: Ground out 6-3 (Groundball, 6)
Batting: RHB Mauro Paredes 0-0: Called Strike
0-1: Swinging Strike
0-2: Ball
1-2: Ball
2-2: Strikes out swinging
Top of the 7th over - 0 run(s), 0 hit(s), 0 error(s), 0 left on base; Surrey 1 - Chula Vista 0
BOTTOM OF THE 7TH
Chula Vista Tacos batting - Pitching for Surrey Sinners : LHP Clarence Gill
Batting: LHB Gonzalo Benítez 0-0: Foul Ball, location: 2F
0-1: Foul Ball, location: 2F
0-2: Ball
1-2: Ball
2-2: SINGLE (Line Drive, 56)
Pinch Hitting: RHB Ron Garrett 0-0: Ball
1-0: Called Strike
1-1: Called Strike
1-2: Ball
2-2: Foul Ball, location: 2F
2-2: Ball
3-2: Base on Balls
Gonzalo Benítez to second
Pinch Hitting: RHB Gerald Davis 0-0: TRIPLE (Line Drive, 89M)
Gonzalo Benítez scores
Ron Garrett scores
Pitching: RHP Ernest Jiménez
Batting: RHB Ray Rogers 0-0: Ball
1-0: SINGLE (Line Drive, 56)
Gerald Davis scores
Pitching: LHP Werner Corona
Batting: LHB John White 0-0: Ball
1-0: Called Strike
1-1: Foul Ball, location: 2F
1-2: Fly out, F6 (Popup, 56D)
Batting: RHB Javier González 0-0: Ball
1-0: Called Strike
1-1: Ball
2-1: Ball
3-1: Foul Ball, location: 2F
3-2: Strikes out swinging
Batting: LHB Steven Smith 0-0: Called Strike
0-1: Foul Ball, location: 2F
0-2: Foul Ball, location: 2F
0-2: Ball
1-2: DOUBLE (Flyball, 7LM)
Ray Rogers to third
Runner from 3rd tries for Home, throw and OUT!
Bottom of the 7th over - 3 run(s), 4 hit(s), 0 error(s), 1 left on base; Surrey 1 - Chula Vista 3
TOP OF THE 8TH
Surrey Sinners batting - Pitching for Chula Vista Tacos : LHP Brian Hodges
Now at SS: Gerald Davis
Now in CF: Guillermo Deleón
Batting: RHB Marcos Liñares 0-0: Called Strike
0-1: Ball
1-1: Ball
2-1: Fly out, F7 (Line Drive, 7)
Batting: LHB Jorge Martínez 0-0: Foul Ball, location: 2F
0-1: Ground out 4-3 (Groundball, 34)
Batting: LHB Randy Wiggins 0-0: Fly out, F7 (Flyball, 7)
Top of the 8th over - 0 run(s), 0 hit(s), 0 error(s), 0 left on base; Surrey 1 - Chula Vista 3
BOTTOM OF THE 8TH
Chula Vista Tacos batting - Pitching for Surrey Sinners : LHP Werner Corona
Pitching: LHP Dalton Hayes
Batting: LHB Nick Hill 0-0: Foul Ball, location: 2F
0-1: Ball
1-1: Ball
2-1: Foul Ball, location: 2F
2-2: Foul Ball, location: 2F
2-2: Foul Ball, location: 2F
2-2: Fly out, F7 (Flyball, 7)
Batting: RHB Preston Wooten 0-0: Ball
1-0: Ball
2-0: Called Strike
2-1: Foul Ball, location: 2F
2-2: Foul Ball, location: 2F
2-2: Ball
3-2: Base on Balls
Batting: LHB Gonzalo Benítez 0-0: Swinging Strike
0-1: Ball
1-1: Ball
2-1: Foul Ball, location: 2F
2-2: Strikes out swinging
Batting: RHB Guillermo Deleón 0-0: Ball
1-0: Swinging Strike
1-1: Ball
2-1: SINGLE (Line Drive, 34D)
Preston Wooten to second
Runner from 2nd tries for 3rd, SAFE, no throw
Batting: RHB Gerald Davis 0-0: Called Strike
0-1: Ball
1-1: Fly out, F8 (Line Drive, 8LM)
Bottom of the 8th over - 0 run(s), 1 hit(s), 0 error(s), 2 left on base; Surrey 1 - Chula Vista 3
TOP OF THE 9TH
Surrey Sinners batting - Pitching for Chula Vista Tacos : LHP Brian Hodges
Pitching: RHP Rick Hernández
Batting: LHB Juan Hinojosa 0-0: Ball
1-0: Called Strike
1-1: Foul Ball, location: 2F
1-2: Ball
2-2: Ground out 4-3 (Groundball, 4D)
Batting: LHB Iván Espinosa 0-0: Swinging Strike
0-1: Foul Ball, location: 2F
0-2: Foul Ball, location: 2F
0-2: Ball
1-2: Ground out 4-3 (Groundball, 4)
Batting: RHB Jason Nava 0-0: Called Strike
0-1: Foul Ball, location: 2F
0-2: Ball
1-2: Strikes out swinging
Top of the 9th over - 0 run(s), 0 hit(s), 0 error(s), 0 left on base; Surrey 1 - Chula Vista 3
Thursday, March 30th, 2017 - OOTP Baseball 17.12 Build 75